 Dungeon Crawl Stone Soup version 0.17-a0-977-g4154171 (webtiles) character file.

291 ahoge the Covered (level 6, -1/57 HPs)
             Began as a Gargoyle Fighter on May 10, 2015.
             Slain by a worker ant (5 damage)
             ... on level 4 of the Dungeon.
             The game lasted 00:16:15 (3416 turns).

ahoge the Covered (Gargoyle Fighter)                Turns: 3416, Time: 00:16:16

Health: -1/57      AC: 23    Str: 20    XL:     6   Next: 32%
Magic:  6/6        EV:  2    Int:  8    God:
Gold:   354        SH:  9    Dex: 11    Spells: 0 memorised, 5 levels left

rFire  + . .     SeeInvis .     a - +0 flail
rCold  x . .     Clarity  .     (armour currently unavailable)
rNeg   + + +     SustAb   .     c - +0 shield
rPois  ∞         Gourm    .     (helmet currently unavailable)
rElec  .         Spirit   .     (cloak currently unavailable)
rCorr  .         Warding  .     (gloves currently unavailable)
rMut   .         NoTele   +     (boots currently unavailable)
MR     .....                    (no amulet)
Stlth  ++........               (no ring)
                                m - ring of fire

@: tree-form, not resistant to hostile enchantments, unstealthy
A: negative energy resistance 1, (electricity resistance), (unbreathing),
petrification resistance, rot immunity, AC +4
a: no special abilities


You were on level 4 of the Dungeon.
You were hungry.
You were a tree.
You visited 1 branch of the dungeon, and saw 4 of its levels.
You also visited: Sewer.

You collected 354 gold pieces.

Inventory:

Hand weapons
 a - a +0 flail (weapon)
Armour
 b - a +0 scale mail
 c - a +0 shield (worn)
 l - a +0 ring mail (melded)
 n - a +2 hat (melded)
 u - a +0 pair of gloves
 A - a +0 pair of boots (melded)
 B - a cursed +0 pair of gloves (melded)
Jewellery
 m - a ring of fire (left branch)
Magical devices
 E - a wand of lightning (4)
Scrolls
 i - 2 scrolls of random uselessness
 o - a scroll of remove curse
 p - 2 scrolls of magic mapping
 t - a scroll of blinking
 v - 2 scrolls of identify
 y - a scroll of fog
 F - a scroll of immolation {unknown}
Potions
 d - a potion of might
 j - a potion of lignification
 k - a potion of haste
 r - 6 potions of flight
 s - a potion of magic {unknown}
 w - a potion of resistance {unknown}
 x - a potion of curing {unknown}
 z - 2 potions of invisibility {unknown}
 C - 2 potions of poison {unknown}
 D - a potion of agility {unknown}
Comestibles
 e - 3 bread rations
 f - 5 fruits
 g - 5 chunks of flesh
 h - a beef jerky
 q - a meat ration


   Skills:
 + Level 4.0 Fighting
 + Level 2.8 Maces & Flails
 + Level 4.7 Armour
 + Level 2.1 Dodging
 + Level 0.8 Stealth
 + Level 4.7 Shields


You had 5 spell levels left.
You didn't know any spells.

Dungeon Overview and Level Annotations

Branches:
Dungeon (4/15)
 Temple: D:4-7

Altars:
Ashenzari
Dithmenos
Elyvilon
Okawaru
Xom


Innate Abilities, Weirdness & Mutations

You are resistant to torment.
((Your stone body is resilient (AC +4).))
You are immune to poison.
You resist negative energy.
((You are resistant to electric shocks.))
((You can survive without breathing.))
You are immune to petrification.
You are immune to rotting.


Message History

* * * LOW HITPOINT WARNING * * *
The worker ant bites you but does no damage.
You barely miss the worker ant.
The worker ant is lightly wounded.
The worker ant bites you but does no damage.
You block the worker ant's attack.
You hit the worker ant.
The worker ant is moderately wounded.
The worker ant bites you but does no damage.
You closely miss the worker ant.
The worker ant is moderately wounded.
The worker ant bites you but does no damage.
You block the worker ant's attack.
You closely miss the worker ant.
The worker ant is moderately wounded.
You block the worker ant's attack. x2
You closely miss the worker ant.
The worker ant is moderately wounded.
The worker ant bites you.
You die...

[.....# .# ### ....#.# #.
... #####.# ....## ###
#.### >#...# ..# #...#
..... #.# ###.# ##..# #.#
#.## ###...# #.## #..##
#######....## #..#
##..###...♣aZ.#..#
##.######.....#######...#
#.....####.### ..#..#
#####.####).### .###[#
#..)......# . .#
#...#####...# ## .# #.#.#
#.... #..#.# .... ...##.#
...


You could see a worker ant and a giant gecko skeleton.

Vanquished Creatures
  An ogre (D:4)
  An iguana (D:4)
  6 adders
  5 oozes
  7 worms
  The ghost of 4thArraOfDagon the Vexing, a weakling CeAM (D:3)
  3 giant geckos
  14 bats
  6 giant cockroaches
  8 goblins
  6 hobgoblins
  7 jackals
  A quokka (D:3)
  3 ball pythons (Sewer)
  6 giant newts
  8 kobolds
  A quokka skeleton (D:4)
  9 rats
93 creatures vanquished.

Vanquished Creatures (others)
  A butterfly (Sewer)
1 creature vanquished.

Grand Total: 94 creatures vanquished

Notes
Turn   | Place    | Note
--------------------------------------------------------------
     0 | D:1      | ahoge, the Gargoyle Fighter, began the quest for the Orb.
     0 | D:1      | Reached XP level 1. HP: 14/14 MP: 1/1
   246 | D:1      | Reached XP level 2. HP: 19/19 MP: 2/2
   723 | D:1      | Reached skill level 4 in Armour
   969 | D:1      | Reached XP level 3. HP: 20/23 MP: 3/3
  1698 | D:2      | Reached XP level 4. HP: 26/28 MP: 4/4
  1918 | D:3      | Reached skill level 1 in Dodging
  1935 | D:3      | Found a white marble altar of Elyvilon.
  1967 | D:3      | Found a shimmering altar of Xom.
  2001 | D:3      | Found a glowing drain.
  2010 | Sewer    | Entered a sewer
  2439 | Sewer    | Reached XP level 5. HP: 28/32 MP: 5/5
  2729 | D:3      | Found an iron altar of Okawaru.
  2814 | D:3      | Found a shadowy altar of Dithmenos.
  2820 | D:3      | Noticed 4thArraOfDagon's ghost (weakling CeAM)
  2828 | D:3      | Killed 4thArraOfDagon's ghost
  3070 | D:3      | Found a shattered altar of Ashenzari.
  3386 | D:4      | Noticed an ogre
  3404 | D:4      | Killed an ogre
  3404 | D:4      | Reached XP level 6. HP: 6/38 MP: 6/6
  3416 | D:4      | Slain by a worker ant

Vault maps used:
D:1:      dpeg_arrival_renting
D:2:      hangedman_decor_peaks_small
D:3:      lemuel_doored_altar, nicolae_overflow_crystal_walls,
          nicolae_dithmenos_shadow_blocks, old_standard_altar,
          okawaru_metal_pillars_1_2, portal_sewer_entry_d, glass_columns_c
Sewer:    sewer_fruit_machine

Action                   |  1- 3 |  4- 6 || total
-------------------------+-------+-------++-------
Melee: Flail             |   147 |   286 ||   433
  Use: Scroll            |       |    11 ||    11
       Potion            |       |     1 ||     1
  Eat: Chunk             |     3 |     6 ||     9
